 Dungeon Crawl Stone Soup version 0.29-a0-321-gf1c400731a (webtiles) character file.

Game seed: 8234145953526899971

168 sizableburger the Ducker (level 5, -2/72 HPs)
             Began as a Deep Elf Berserker on Apr 5, 2022.
             Was a Follower of Trog.
             Slain by an orc
             ... wielding a +0 flail
              (6 damage)
             ... on level 3 of the Dungeon.
             The game lasted 00:05:35 (4333 turns).

sizableburger the Ducker (Deep Elf Berserker)       Turns: 4333, Time: 00:05:35

Health: -2/72      AC: 22    Str: 16    XL:     5   Next: 24%
Magic:  7/7        EV:  2    Int: 12    God:    Trog [*.....]
Gold:   172        SH:  0    Dex: 14    Spells: 4/4 levels left

rFire   + . .      SeeInvis .   a - +0 hand axe
rCold   + . .      Faith    .   (no shield)
rNeg    . . .      Spirit   .   (body armour currently unavailable)
rPois   +          Reflect  .   (helmet currently unavailable)
rElec   +          Harm     .   (cloak currently unavailable)
rCorr   +          Rampage  .   (gloves currently unavailable)
Will    .....      NoTele   +   (boots currently unavailable)
Stlth   ..........              (no amulet)
HPRegen 0.22/turn               (no ring)
MPRegen 0.10/turn               (no ring)

@: mighty, brilliant, berserking, tree-form, resistant, very quick
A: stationary, stasis, torment immunity, boosted hp, (antennae 1), deterioration
1
a: Renounce Religion, Berserk


You were on level 3 of the Dungeon.
You worshipped Trog.
Trog was aware of your devotion.
You were a tree.
You visited 1 branch of the dungeon, and saw 3 of its levels.

You collected 172 gold pieces.

Inventory:

Hand Weapons
 a - a +0 hand axe (weapon)
 h - a +0 arbalest
 r - a +3 whip
Armour
 b - a scarf of repulsion
 j - a +0 leather armour
 k - a +0 chain mail (melded)
 q - a +1 cloak (melded)
Jewellery
 c - a ring of fire
Scrolls
 g - 2 scrolls of identify {unknown}
 m - a scroll of brand weapon {unknown}
Potions
 e - a potion of lignification
 n - a potion of ambrosia {unknown}
 o - 2 potions of brilliance
 p - a potion of curing


   Skills:
 - Level 3.1 Fighting
 + Level 3.6 Axes
 + Level 2.3 Armour
 - Level 3.6 Dodging


You had 4 spell levels left.
You didn't know any spells.
Your spell library was empty.

Dungeon Overview and Level Annotations

Branches:
Dungeon (3/15)

Altars:
Yredelemnul


Innate Abilities, Weirdness & Mutations

You are a tree.
Your roots penetrate the ground, keeping you stationary.
You cannot be teleported.
You are immune to unholy pain and torment.
Your maximum health is greatly increased.
Your equipment is partially melded.
((You have a pair of small antennae on your head.))
Your body sometimes deteriorates upon taking damage.


Message History

You hit the orc.
The orc is heavily wounded.
The orc closely misses you. The orc hits you but does no damage.
The orc hits you with a +0 flail.
* * * LOW HITPOINT WARNING * * *
The orc hits you from afar with a +0 trident.
* * * LOW HITPOINT WARNING * * *
It was a potion of lignification.
You turn into a tree.
Your +1 cloak melds into your body.
Your +0 chain mail melds into your body.
Your roots penetrate the ground.
The orc hits you but does no damage. x2
Unknown command.
It was a potion of brilliance.
You feel clever all of a sudden. The orc hits you but does no damage. x2
Unknown command.
It was a potion of curing.
You feel better. The orc hits you but does no damage.
The orc hits you from afar with a +0 trident.
* * * LOW HITPOINT WARNING * * *
Unknown command.
It was a potion of might.
You feel very mighty all of a sudden. The orc barely misses you. x2
Unknown command.
It was a potion of resistance.
You feel protected. The orc hits you with a +0 flail.
* * * LOW HITPOINT WARNING * * *
The orc hits you but does no damage.
Unknown command.
It was a potion of mutation.
You feel extremely strange.
You feel yourself wasting away. A pair of antennae grows on your head!
The orc hits you but does no damage. x2
Unknown command.
It was a potion of berserk rage.
A red film seems to cover your vision as you go berserk!
You feel yourself moving faster!
You feel mighty! The orc hits you with a +0 flail.
You die...

######### #.......#
#.#####)#
######.#####.#
..........##.#
.#####.##.##.#######
.# #.........)♣oo#
.#################o#
........# #.#
........# ##.#
........#### #.o#
............. #.##
#.............###o#
#................o#
#...........oo##..#


You could see 3 orcs.

Vanquished Creatures
  An orc priest (D:3)
  5 gnolls
  3 adders
  A worm (D:2)
  A dart slug (D:1)
  2 orcs (D:3)
  6 ball pythons
  6 endoplasms
  2 giant cockroaches (D:2)
  7 hobgoblins
  A quokka (D:3)
  5 bats (D:1)
  5 frilled lizards
  7 goblins
  5 kobolds
  3 rats (D:1)
60 creatures vanquished.

Notes
Turn   | Place    | Note
-------+----------+-------------------------------------------
     0 | D:1      | sizableburger the Deep Elf Berserker began the quest for
                  | the Orb.
     0 | D:1      | Reached XP level 1. HP: 13/13 MP: 3/3
    48 | D:1      | Reached XP level 2. HP: 6/18 MP: 4/4
  1225 | D:1      | Found a faded altar of an unknown god.
  1309 | D:1      | Reached XP level 3. HP: 22/22 MP: 5/5
  2237 | D:2      | Found a basalt altar of Yredelemnul.
  2717 | D:2      | Reached XP level 4. HP: 13/28 MP: 6/6
  3400 | D:3      | Reached ** piety under Trog
  4087 | D:3      | Reached XP level 5. HP: 32/32 MP: 7/7
  4331 | D:3      | HP: 2/48 [orc/+0 flail (4)]
  4332 | D:3      | Gained mutation: Your body sometimes deteriorates upon
                  | taking damage. [potion of mutation]
  4332 | D:3      | Gained mutation: You have a pair of small antennae on your
                  | head. [potion of mutation]
  4333 | D:3      | Slain by an orc

Illustrated notes

Levels and vault maps discovered:
D:1:      dpeg_arrival_leaves_temple_mockup, layout_rooms,
          ebering_ecumenical_altar_box, chequers_mini_garden
D:2:      layout_basic, basic_altar, kennysheep_generic_room_5
D:3:      layout_loops_cross, uniq_ijyb

Skill      XL: |  1  2  3  4 |
---------------+-------------+-----
Dodging        | 3 |  3.6
Axes           | 3 |  3.6
Fighting       | 3 |  3.1
Armour         | 2 |  2.3

Action                   |  1- 3 |  4- 6 || total
-------------------------+-------+-------++-------
Melee: Hand axe          |   141 |    64 ||   205
       Punch             |     1 |     1 ||     2
Invok: Berserk           |     5 |     3 ||     8
  Use: Scroll            |     1 |       ||     1
       Potion            |       |     7 ||     7
 Stab: Sleeping          |       |     1 ||     1
Armor: Animal skin       |    24 |       ||    24
       Leather armour    |    19 |     2 ||    21
       Robe              |     1 |       ||     1
       Chain mail        |       |    20 ||    20
       Skin              |       |     8 ||     8
Dodge: Dodged            |   120 |    27 ||   147

Table legend: (Time is in decaauts)
 A = Elapsed time spent in this place.
 B = Non-inter-level travel time spent in this place.
 C = Inter-level travel time spent in this place.
 D = Time resting spent in this place.
 E = Time spent auto-exploring this place.
 F = Levels seen in this place.
 G = Mean time per level.
                   A        B        C        D        E       F      G
               +--------+--------+--------+--------+--------+-----+--------+
         Total |   4435 |   4235 |    200 |   1694 |   1899 |   3 | 1478.3 |
       Dungeon |   4435 |   4235 |    200 |   1694 |   1899 |   3 | 1478.3 |
               +--------+--------+--------+--------+--------+-----+--------+

Top non-repeatable levels by time:
     D:1: 1724 daAuts
     D:2: 1709 daAuts
     D:3: 1000 daAuts
